Map: Proxima Station LE

Players

Neeb - Winner!

  • Race: Protoss Protoss
  • Spawn Location: 1:00

SortOf

  • Race: Zerg Zerg
  • Spawn Location: 7:00

Event: WCS Valencia 2017

VOD

Have the link to the VOD?

Description

Time

  • Played on: July 13, 2017, 2:27 p.m.
  • Length: 9:04

All games in this series

Show
View Real Time Build Order
Export as new Build Order

Neeb Protoss - Winner!

Build Orders: Nexus First, Oracle Opening, Phoenix Opening 

Get SALT Encoding   

  12  0:00  Probe (Chrono Boost)  
  13  0:11  Probe (Chrono Boost)  
  14  0:17  Pylon  
  14  0:22  Probe (Chrono Boost)  
  16  0:35  Probe (Chrono Boost)  
  16  0:46  Probe (Chrono Boost)  
  17  0:58  Nexus  
  17  1:08  Gateway  
  18  1:11  Probe (Chrono Boost)  
  18  1:16  Assimilator  
  18  1:21  Probe (Chrono Boost)  
  18  1:25  Assimilator  
  19  1:32  Probe (Chrono Boost)  
  20  1:34  Pylon  
  20  1:43  Probe (Chrono Boost)  
  21  1:53  Probe (Chrono Boost)  
  22  1:55  Cybernetics Core  
  22  2:04  Probe (Chrono Boost)  
  23  2:10  Probe (Chrono Boost)  
  23  2:14  Probe (Chrono Boost)  
  25  2:20  Probe (Chrono Boost)  
  26  2:24  Warp Gate  
  26  2:25  Probe (Chrono Boost)  
  27  2:30  Probe (Chrono Boost)  
  27  2:32  Stargate  
  27  2:33  Adept (Chrono Boost)  
  27  2:35  Probe  
  31  2:40  Probe  
  32  2:47  Probe  
  32  2:50  Probe  
  33  2:58  Adept (Chrono Boost)  
  36  3:00  Probe  
  36  3:01  Probe  
  38  3:07  Pylon  
  38  3:12  Probe x2  
  39  3:15  Oracle (Chrono Boost)  
  43  3:21  Gateway  
  43  3:22  Gateway  
  43  3:24  Probe  
  44  3:28  Probe  
  44  3:29  Assimilator  
  44  3:30  Adept  
  47  3:36  Probe  
  47  3:37  Pylon  
  47  3:40  Probe  
  49  3:48  Probe, Twilight Council  
  49  3:50  Phoenix (Chrono Boost)  
  49  3:54  Probe  
  49  3:55  Pylon  
  53  4:00  Pylon  
  53  4:01  Probe  
  54  4:06  Probe  
  55  4:13  Probe  
  56  4:18  Probe  
  56  4:24  Resonating Glaives (Chrono Boost)  
  57  4:25  Probe  
  57  4:26  Nexus  
  58  4:32  Adept x2  
  58  4:33  Adept  
  58  4:35  Probe  
  58  4:38  Pylon  
  65  4:43  Probe, Pylon  
  66  4:48  Probe  
  67  4:53  Assimilator  
  67  4:57  Probe, Adept x3  
  74  5:00  Probe  
  75  5:10  Probe  
  75  5:12  Probe  
  77  5:17  Pylon, Adept x3  
  83  5:22  Probe  
  83  5:27  Probe  
  83  5:34  Mothership Core  
  85  5:37  Robotics Facility  
  85  5:38  Adept x2  
  85  5:39  Probe x2, Adept  
  93  5:49  Probe  
  93  5:51  Probe  
  93  5:52  Assimilator  
  93  5:55  Probe  
  93  5:56  Robotics Facility, Assimilator  
  96  6:00  Probe, Sentry x3  
  96  6:03  Probe  
  104  6:07  Probe  
  104  6:10  Probe  
  101  6:16  Probe  
  103  6:23  Probe  
  103  6:24  Probe  
  101  6:26  Warp Prism (Chrono Boost)  
  101  6:28  Probe  
  101  6:29  Charge (Chrono Boost)  
  101  6:31  Forge  
  104  6:34  Pylon x2  
  104  6:37  Probe  
  105  6:42  Zealot x2, Sentry  
  111  6:47  Immortal (Chrono Boost)  
  111  6:50  Protoss Ground Weapons Level 1 (Chrono Boost)  
  111  6:51  Probe  
  111  6:52  Probe  
  99  6:59  Immortal (Chrono Boost)  
  101  7:04  Gateway  
  101  7:05  Gateway  
  101  7:09  Gateway  
  101  7:10  Gateway x2  
  101  7:12  Adept  
  101  7:13  Templar Archives, Adept x2  
  107  7:22  Pylon  
  107  7:26  Immortal (Chrono Boost)  
  111  7:35  Immortal (Chrono Boost)  
  115  7:47  Probe x2, Nexus  
  115  7:49  Pylon  
  117  8:01  Immortal (Chrono Boost)  
  117  8:04  Pylon  
  121  8:07  High Templar x4  
  121  8:08  High Templar x2  
  121  8:09  Zealot x2, Immortal (Chrono Boost)  
  121  8:12  Archon x3  
  141  8:18  Gateway  
  141  8:20  Photon Cannon, Gateway, Pylon  
  141  8:22  Gateway  
  141  8:23  Gateway  
  141  8:27  Photon Cannon  
  142  8:34  Observer (Chrono Boost)  
  142  8:44  Zealot x6  
  142  9:00  Zealot x7  
Show
View Real Time Build Order
Export as new Build Order

SortOf Zerg 

Build Orders: Hatch First 

Get SALT Encoding   

  12  0:00  Drone  
  13  0:12  Overlord  
  13  0:16  Drone  
  14  0:31  Drone x2  
  16  0:35  Drone  
  17  0:57  Hatchery  
  17  1:00  Drone  
  17  1:02  Drone  
  18  1:13  Extractor  
  18  1:16  Spawning Pool  
  16  1:19  Drone  
  16  1:23  Drone  
  18  1:33  Drone  
  19  1:40  Overlord  
  19  1:49  Drone  
  20  2:03  Queen, Zergling x2  
  23  2:09  Queen  
  23  2:10  Drone  
  23  2:11  Drone  
  23  2:13  Metabolic Boost  
  27  2:20  Drone  
  27  2:21  Drone  
  29  2:30  Drone  
  29  2:33  Drone  
  31  2:43  Hatchery  
  30  2:49  Pneumatized Carapace  
  30  2:51  Drone  
  31  2:56  Overlord  
  31  2:58  Drone  
  31  3:01  Drone  
  31  3:04  Drone  
  34  3:10  Queen  
  36  3:15  Drone x2  
  36  3:19  Drone x2  
  40  3:23  Overlord  
  40  3:27  Zergling x2  
  40  3:30  Spore Crawler  
  40  3:33  Zergling x2  
  42  3:34  Drone x2  
  42  3:40  Overlord  
  44  3:43  Drone x2  
  44  3:45  Drone x2  
  48  3:49  Drone x2  
  48  3:53  Spore Crawler  
  49  4:01  Zergling x4, Drone  
  51  4:05  Queen  
  53  4:11  Spore Crawler, Queen  
  53  4:12  Drone x2  
  53  4:14  Drone  
  53  4:15  Drone  
  58  4:21  Drone x4  
  62  4:29  Overlord  
  62  4:31  Evolution Chamber, Overlord  
  61  4:32  Overlord  
  61  4:39  Overlord  
  61  4:40  Overlord  
  61  4:47  Overlord  
  61  4:50  Baneling Nest  
  61  4:51  Lair  
  60  4:56  Queen  
  60  4:57  Spore Crawler  
  60  4:59  Zerg Melee Weapons Level 1  
  61  5:03  Zergling x6  
  61  5:08  Zergling x6  
  61  5:09  Zergling x2  
  61  5:11  Drone  
  61  5:12  Drone  
  61  5:14  Zergling x4  
  68  5:17  Drone  
  70  5:22  Drone  
  70  5:24  Drone  
  70  5:25  Drone x2  
  70  5:26  Drone x2  
  70  5:27  Drone x2  
  76  5:31  Drone x3  
  76  5:34  Drone  
  80  5:41  Extractor x2  
  78  5:45  Hatchery  
  78  5:47  Zergling x2  
  78  5:48  Zergling x6  
  79  5:50  Baneling x4  
  79  5:54  Extractor  
  79  5:56  Zergling x10  
  83  5:57  Baneling  
  83  5:58  Baneling x2  
  83  5:59  Baneling  
  83  6:02  Zergling x2  
  83  6:03  Zergling x4  
  83  6:04  Baneling  
  84  6:13  Queen x2, Zergling x2  
  84  6:14  Zergling x2  
  84  6:15  Zergling x2  
  88  6:24  Zergling x16  
  87  6:32  Baneling x2  
  86  6:36  Drone  
  86  6:37  Hydralisk Den  
  82  6:42  Zergling x10  
  82  6:50  Drone  
  82  6:51  Drone x4  
  81  6:59  Drone x2  
  83  7:03  Drone x2  
  85  7:09  Drone x5  
  85  7:12  Extractor  
  89  7:15  Extractor  
  89  7:19  Muscular Augments, Centrifical Hooks  
  89  7:20  Drone  
  89  7:21  Drone  
  89  7:27  Drone x4  
  93  7:31  Drone x3  
  93  7:33  Zergling x10  
  100  7:40  Drone x3  
  96  7:48  Drone x4  
  98  7:57  Spore Crawler, Drone x3  
  99  8:04  Baneling x4  
  99  8:05  Hydralisk x2  
  99  8:07  Overlord x2  
  99  8:10  Overlord  
  99  8:12  Overlord  
  103  8:14  Overlord  
  103  8:21  Overlord x2  
  103  8:26  Hydralisk x4  
  109  8:29  Hydralisk  
  109  8:31  Hydralisk  
  115  8:37  Hydralisk x3  
  115  8:41  Baneling x6  
Tags
 
Add a new tag
Caveats
  • Supply blocks, unpowered buildings, or Contaminate may cause inaccurate times.
  • Supply counts are checked every 10 seconds.